 Dungeon Crawl Stone Soup version 0.18.1-1-g2f07953 (webtiles) character file.

69 Ihatecarrots00 the Skirmisher (level 4, -2/41 HPs)
             Began as a Minotaur Berserker on May 13, 2016.
             Was a Believer of Trog.
             Slain by an ogre
             ... wielding a +0 giant club
              (19 damage)
             ... on level 3 of the Dungeon.
             The game lasted 00:16:18 (2783 turns).

Ihatecarrots00 the Skirmisher (Minotaur Berserker)  Turns: 2783, Time: 00:16:26

Health: -2/41      AC:  7    Str: 22    XL:     4   Next: 2%
Magic:  3/3        EV: 11    Int:  4    God:    Trog [**....]
Gold:   91         SH:  3    Dex: 10    Spells: 0 memorised, 3 levels left

rFire  . . .     SeeInvis .     a - +0 mace
rCold  . . .     Gourm    .     i - +1 leather armour
rNeg   . . .     Faith    .     e - +0 buckler
rPois  .         Spirit   .     (helmet restricted)
rElec  .         Dismiss  .     j - +2 cloak
rCorr  .         Reflect  .     (no gloves)
SustAt .         Harm     .     (no boots)
MR     .....                    (no amulet)
Stlth  +.........               (no ring)
                                (no ring)

@: not resistant to hostile enchantments, very unstealthy
A: retaliatory headbutt, horns 2
a: Berserk, Trog's Hand, Burn Spellbooks, Renounce Religion


You were on level 3 of the Dungeon.
You worshipped Trog.
Trog was pleased with you.
You were not hungry.

You visited 1 branch of the dungeon, and saw 3 of its levels.

You collected 91 gold pieces.

Inventory:

Hand Weapons
 a - a +0 mace (weapon)
 c - a +0 hunting sling
Armour
 b - a +0 animal skin
 e - a +0 buckler (worn)
 i - a +1 leather armour (worn)
 j - a +2 cloak (worn)
Scrolls
 d - a scroll of fog
Potions
 g - a potion of haste
 h - a potion of degeneration {unknown}
Comestibles
 k - 2 bread rations


   Skills:
 + Level 4.4 Fighting
 + Level 4.4 Maces & Flails
 + Level 2.8 Armour
 + Level 3.1 Dodging
 + Level 0.1 Stealth


You had 3 spell levels left.
You didn't know any spells.

Dungeon Overview and Level Annotations

Branches:
Dungeon (3/15)

Altars:


Innate Abilities, Weirdness & Mutations

You reflexively headbutt those who attack you in melee.
You have a pair of horns on your head.


Message History

You hear the slow rusting of a drain.
The ogre shouts!
A bat and a quokka come into view.
The bat moves out of view.
The ogre hits you with a giant club!!
Ouch! That really hurt!
The rat bites you but does no damage.
You hit the ogre.
The ogre is lightly wounded.
The giant newt barely misses you. The rat bites you but does no damage.
The ogre barely misses you. You furiously retaliate!
You headbutt the ogre!
The giant newt bites you but does no damage.
You hit the ogre. Your headbutt misses the ogre.
The ogre is heavily wounded.
The rat closely misses you. The giant newt misses you. You furiously retaliate!
You headbutt the giant newt!
You kill the giant newt!
Trog accepts your kill. The ogre hits you with a giant club!!
You die...

......#######.# ..
............... ..
............#
..####.... #..........#
...........#.....(....#
......#....#....r.....
#.........##....Or≈##
#...............@≈≈≈#
#................#≈.#
#................# ≈#
.................# #
.......#.........#
.#....##.........#
.#..#.##.........#
.####.##.........#
#.....##..(......#


You could see an ogre, a quokka and a rat.

Vanquished Creatures
  2 adders (D:2)
  2 dart slugs (D:2)
  A giant gecko (D:1)
  10 bats
  2 giant cockroaches (D:2)
  4 goblins
  7 hobgoblins
  7 kobolds
  5 giant newts
  2 rats
42 creatures vanquished.

Vanquished Creatures (others)
  A plant (D:1)
1 creature vanquished.

Grand Total: 43 creatures vanquished

Notes
Turn   | Place    | Note
--------------------------------------------------------------
     0 | D:1      | Ihatecarrots00 the Minotaur Berserker began the quest for the Orb.
     0 | D:1      | Reached XP level 1. HP: 19/19 MP: 0/0
   587 | D:1      | Reached XP level 2. HP: 26/27 MP: 1/1
  1715 | D:2      | Reached XP level 3. HP: 32/34 MP: 2/2
  2300 | D:2      | Reached ** piety under Trog
  2695 | D:3      | Reached XP level 4. HP: 37/41 MP: 3/3
  2778 | D:3      | Noticed an ogre
  2783 | D:3      | Slain by an ogre

Skill      XL: |  1  2  3 |
---------------+----------+-----
Maces & Flails | 4 |  4.4
Fighting       | 4 |  4.4
Dodging        | 3 |  3.1
Armour         | |  2.8
Stealth        | |  0.1

Action                   |  1- 3 |  4- 6 || total
-------------------------+-------+-------++-------
Melee: Mace              |    64 |     2 ||    66
       Headbutt          |     8 |       ||     8
  Use: Scroll            |     5 |       ||     5
  Eat: Bread ration      |     1 |       ||     1
       Beef jerky        |     1 |       ||     1
Armor: Leather armour    |    41 |     3 ||    44
       Animal skin       |     1 |       ||     1
Dodge: Dodged            |    65 |     6 ||    71
Block: Buckler           |    11 |       ||    11
